 Dungeon Crawl Stone Soup version 0.29-a0-1023-g6ae1a4a2c7 (webtiles) character file.

Game seed: 16800241130262822210

380 spaghetti the Ruffian (level 6, -4/48 HPs)
             Began as a Demonspawn Berserker on Aug 11, 2022.
             Was a Believer of Trog.
             Killed by divine providence
             ... invoked by an orc priest
              (10 damage)
             ... on level 4 of the Dungeon.
             The game lasted 00:04:20 (3282 turns).

spaghetti the Ruffian (Demonspawn Berserker)        Turns: 3282, Time: 00:04:20

Health: -4/48      AC: 11    Str: 19    XL:     6   Next: 46%
Magic:  6/6        EV:  6    Int:  9    God:    Trog [**....]
Gold:   190        SH:  5    Dex: 12    Spells: 5/5 levels left

rFire   . . .      SeeInvis .     - Unarmed
rCold   . . .      Faith    .   (no shield)
rNeg    . . .      Spirit   .   m - +0 plate armour
rPois   .          Reflect  +   (no helmet)
rElec   .          Harm     .   (cloak unavailable)
rCorr   .          Rampage  .   (no gloves)
Will    .....                   (no boots)
Stlth   ..........              s - amulet of reflection
HPRegen 0.16/turn               (no ring)
MPRegen 0.10/turn               (no ring)

@: mighty, on berserk cooldown, slowed, very slow
A: claws 1, powered by pain 1, weakness stinger 3
a: Renounce Religion, Berserk, Trog's Hand


You were on level 4 of the Dungeon.
You worshipped Trog.
Trog was pleased with you.
You visited 1 branch of the dungeon, and saw 4 of its levels.

You collected 190 gold pieces.


Innate Abilities, Weirdness & Mutations

You have sharp fingernails.
You sometimes gain a little power by taking damage.
You have a sharp stinger which inflicts weakening toxins.


   Skills:
 + Level 4.2 Fighting
 + Level 2.9 Throwing
 + Level 3.1 Armour
 - Level 1.7 Dodging
 * Level 4.4 Unarmed Combat


You had 5 spell levels left.
You didn't know any spells.
Your spell library contained the following spells:

 Spells                   Type           Power      Damage    Failure   Level
 Summon Small Mammal      Summ           0%         N/A       100%        1
 Call Canine Familiar     Summ           0%         N/A       100%        3
 Summon Guardian Golem    Hex/Summ       0%         N/A       100%        3
 Leda's Liquefaction      Hex/Erth       0%         N/A       100%        4
 Lee's Rapid Deconstruct  Erth           0%         3d5*      100%        5
 Statue Form              Tmut/Erth      0%         N/A       100%        6

Inventory:

Hand Weapons
 b - a +0 sling
   (You found it on level 1 of the Dungeon)
 d - a +0 short sword {short}
   (You found it on level 1 of the Dungeon)
 h - a +2 dagger of draining {short}
   (You took it off a goblin on level 1 of the Dungeon)
 p - a +0 club {mace}
   (You took it off a goblin on level 2 of the Dungeon)
Missiles
 l - 17 stones (quivered) {throwing}
 n - 4 atropa-tipped darts {throwing}
 F - 3 poisoned darts {throwing}
Armour
 a - a +0 animal skin
 m - a +0 plate armour (worn)
   (You found it on level 1 of the Dungeon)
 y - a +1 cloak
   (You took it off Crazy Yiuf on level 2 of the Dungeon)
Jewellery
 j - a ring of fire
   (You found it on level 1 of the Dungeon)
 s - an amulet of reflection (around neck)
   (You found it on level 2 of the Dungeon)
 D - a ring of ice
   (You found it on level 3 of the Dungeon)
 E - a ring of positive energy
   (You found it on level 3 of the Dungeon)
Wands
 B - a wand of paralysis (10)
   (You found it on level 3 of the Dungeon)
Scrolls
 e - 3 scrolls of summoning {unknown}
 g - 2 scrolls of teleportation {unknown}
 i - 4 scrolls of identify {unknown}
 o - a scroll of noise {unknown}
 q - a scroll of vulnerability {unknown}
 v - a scroll of enchant armour {unknown}
 w - 2 scrolls of blinking {unknown}
 x - 3 scrolls of butterflies {unknown}
 C - 2 scrolls of amnesia {unknown}
Potions
 c - 5 potions of curing {unknown}
 f - a potion of mutation {unknown}
 k - a potion of haste {unknown}
 r - a potion of attraction {unknown}
 t - a potion of heal wounds {unknown}
 u - 3 potions of might {unknown}
 z - a potion of lignification {unknown}
 A - a potion of brilliance {unknown}

Dungeon Overview and Level Annotations

Branches:
Dungeon (4/15) Zot: 20717
 Temple: D:4-7

Altars:
Dithmenos
Ru

Shops:
D:3

* #..g...# ## .
....... ... #.
#.....# ....
.[.#.....##....
........... .ggo...
#J5g# #
###+######)@)####..#
.........#..........
.........#..........
.........#..........
.........'..........
..........#..........
.....##..###...###.##
.....##..####### ##
...............+


You could see an orc priest, 3 gnolls, an ufetubus, an endoplasm and a
hobgoblin.


Message History

You block the ufetubus's attack.
The ufetubus hits you but does no damage.
The gnoll barely misses you.
You claw the orc!
You kill the orc!
Trog accepts your kill.
The ufetubus hits you but does no damage.
You block the ufetubus's attack.
You claw the gnoll!
Your tail-slap misses the gnoll.
The gnoll hits you with a +0 club. You block the gnoll's attack.
You block the orc's attack.
The ufetubus hits you but does no damage.
The ufetubus barely misses you. 😮 HP[-4]
You take 4 damage, and now have 54/72 hp.
You claw the gnoll!
You kill the gnoll!
Trog accepts your kill.
You closely miss the orc.
Your tail-slap misses the orc.
The ufetubus barely misses you.
The ufetubus hits you but does no damage.
The gnoll barely misses you. The orc hits you but does no damage.
You barely miss the orc.
The ufetubus hits you but does no damage. x2
The gnoll closely misses you. The orc hits you but does no damage.
The endoplasm hits you but does no damage.
You scratch the orc.
The ufetubus hits you but does no damage. x2
You claw the orc!
You kill the orc!
Trog accepts your kill.
The ufetubus hits you but does no damage.
You block the ufetubus's attack. The gnoll barely misses you.
The gnoll hits you from afar with a +0 halberd.
The endoplasm freezes you.
You are frozen.
The orc hits you but does no damage. 😮 HP[-9]
You take 9 damage, and now have 45/72 hp.
You scratch the orc. The ufetubus barely misses you.
You block the ufetubus's attack.
You claw the orc!
You kill the orc!
Trog accepts your kill.
The ufetubus barely misses you. x2; The orc barely misses you.
The gnoll hits you from afar with a +0 halberd.
The gnoll hits you but does no damage. The endoplasm freezes you.
You are frozen. 😮 HP[-5]
You take 5 damage, and now have 40/72 hp.
You claw the orc!
You kill the orc!
Trog accepts your kill. The ufetubus closely misses you.
The ufetubus hits you but does no damage.
The endoplasm hits you but does no damage.
You block the gnoll's attack. The gnoll barely misses you.
You closely miss the gnoll.
The ufetubus hits you but does no damage.
The ufetubus barely misses you.
You closely miss the gnoll.
The endoplasm hits you but does no damage.
The ufetubus hits you. The ufetubus barely misses you.
The gnoll hits you from afar with a +0 spear.
* * * LOW HITPOINT WARNING * * *
The gnoll barely misses you. You block the gnoll's attack. 😨 HP[-6]
You take 6 damage, and now have 34/72 hp.
You closely miss the gnoll. The ufetubus hits you.
* * * LOW HITPOINT WARNING * * *
The ufetubus hits you but does no damage.
The endoplasm closely misses you. The gnoll hits you but does no damage.
The gnoll hits you from afar with a +0 halberd.
* * * LOW HITPOINT WARNING * * *
You block the gnoll's attack. 😨 HP[-4]
You take 4 damage, and now have 30/72 hp.
You closely miss the gnoll.
The ufetubus hits you but does no damage.
The ufetubus hits you.
* * * LOW HITPOINT WARNING * * *
😨 HP[-1]
You take 1 damage, and now have 29/72 hp.
You barely miss the gnoll.
You are no longer berserk.
You are exhausted.
You feel yourself slow down. The endoplasm freezes you.
You are frozen.
* * * LOW HITPOINT WARNING * * *
The gnoll hits you from afar with a +0 halberd!
* * * LOW HITPOINT WARNING * * *
You focus on the pain.
You feel very mighty all of a sudden. The gnoll closely misses you.
The gnoll hits you with a +0 whip.
* * * LOW HITPOINT WARNING * * *
A hobgoblin comes into view.
The orc priest invokes the aid of Beogh against you.
Beogh smites you!
You die...

Skill      XL: |  1  2  3  4  5  6 |
---------------+-------------------+-----
Throwing       | 1 2 |  2.9
Armour         | 2 3 |  3.1
Unarmed Combat | 3 4 |  4.4
Fighting       | 4 |  4.2
Dodging        | |  1.7

Action                   |  1- 3 |  4- 6 || total
-------------------------+-------+-------++-------
Melee: Unarmed           |    69 |   159 ||   228
       Tailslap          |     4 |    11 ||    15
       Punch             |       |     8 ||     8
Throw: Stone             |    27 |       ||    27
       Dart              |     4 |       ||     4
Invok: Berserk           |     1 |     3 ||     4
 Stab: Sleeping          |     1 |       ||     1
Armor: Plate armour      |    38 |   106 ||   144
       Animal skin       |     1 |       ||     1
Dodge: Dodged            |    14 |    51 ||    65
Block: Other             |     2 |    38 ||    40
       Reflection        |       |     1 ||     1

Levels and vault maps discovered:
D:1:      dpeg_arrival_solitude, layout_rooms, chequers_ecumenical_altar_lobes
D:2:      minmay_general_purpose_star, layout_basic, basic_altar,
          kennysheep_generic_room_6, uniq_jessica, uniq_natasha,
          uniq_crazy_yiuf_cottage
D:3:      layout_loops_corners, nicolae_ru_great_annihilating_truth,
          serial_shops, nicolae_shop_crystal
D:4:      layout_gridville, mainiacjoe_overflow_chevrons, nicolae_stop_n_shop_2,
          amcnicky_mini_rare_corridor_liquid, minmay_pentomino_pile, uniq_ijyb,
          uniq_duvessa

Notes
Turn   | Place    | Note
-------+----------+-------------------------------------------
     0 | D:1      | spaghetti the Demonspawn Berserker began the quest for the
                  | Orb.
     0 | D:1      | Reached XP level 1. HP: 18/18 MP: 1/1
     0 | D:1      | magus.rc [v1.9.6]
   679 | D:1      | You feel monstrous as your demonic heritage exerts itself.
   679 | D:1      | Discovered your monstrous ancestry.
   679 | D:1      | Gained mutation: You have a small tail. [demonic ancestry]
   679 | D:1      | Reached XP level 2. HP: 24/24 MP: 2/2
   715 | D:1      | Found a faded altar of an unknown god.
  1012 | D:2      | Reached skill level 1 in Throwing
  1018 | D:2      | Reached skill level 2 in Armour
  1018 | D:2      | Reached skill level 3 in Unarmed Combat
  1018 | D:2      | Gained mutation: You have a tail ending in a sharp stinger.
                  | [demonic ancestry]
  1018 | D:2      | Reached XP level 3. HP: 29/29 MP: 3/3
  1147 | D:2      | You fall into a shaft and drop 1 floor!
  1152 | D:3      | Found a sacrificial altar of Ru.
  1232 | D:3      | Reached skill level 2 in Throwing
  1232 | D:3      | Gained mutation: You have sharp fingernails. [demonic
                  | ancestry]
  1232 | D:3      | Reached XP level 4. HP: 26/35 MP: 4/4
  1455 | D:2      | Noticed Jessica
  1471 | D:2      | Found a shadowy altar of Dithmenos.
  1501 | D:2      | Killed Jessica
  1622 | D:2      | Found a runed translucent door.
  1623 | D:2      | Noticed Crazy Yiuf
  1726 | D:2      | Gained mutation: You sometimes gain a little power by
                  | taking damage. [demonic ancestry]
  1726 | D:2      | Reached XP level 5. HP: 38/42 MP: 5/5
  1846 | D:2      | Noticed Natasha
  1854 | D:2      | Killed Natasha
  1854 | D:2      | Reached ** piety under Trog
  2077 | D:2      | Noticed Natasha
  2098 | D:2      | Killed Natasha
  2309 | D:2      | Killed Crazy Yiuf
  2310 | D:2      | Reached skill level 4 in Fighting
  2310 | D:2      | Reached skill level 4 in Unarmed Combat
  2398 | D:3      | You pick up a book of Callings {forbidden} and begin
                  | reading...
  2398 | D:3      | You add the spells Summon Small Mammal, Call Canine
                  | Familiar and Summon Guardian Golem to your library.
  2438 | D:3      | Gained mutation: You have a sharp stinger which inflicts
                  | weakening toxins. [demonic ancestry]
  2438 | D:3      | Reached XP level 6. HP: 35/48 MP: 6/6
  2796 | D:3      | Found Nitauw's Assorted Antiques.
  2859 | D:3      | You pick up a book of the Earth {forbidden} and begin
                  | reading...
  2859 | D:3      | You add the spells Leda's Liquefaction, Lee's Rapid
                  | Deconstruction and Statue Form to your library.
  3162 | D:4      | Reached skill level 3 in Armour
  3282 | D:4      | HP: 9/48 [gnoll/+0 halberd[a gnoll bouda] (9)]
  3282 | D:4      | Killed from afar by an orc priest

Vanquished Creatures
  A scorpion (D:3)
  A hound (D:4)
  Jessica (D:2)
  Crazy Yiuf (D:2)
  Natasha (twice) (D:2)
  An orc wizard (D:3)
  2 gnolls (D:4)
  9 adders
  2 dart slugs
  5 orcs (D:4)
  7 bats
  6 endoplasms
  3 giant cockroaches
  4 hobgoblins
  5 kobolds
  3 quokkas
  5 ball pythons
  3 frilled lizards
  5 goblins
  A rat (D:2)
67 creatures vanquished.

Table legend:
 A = Non-vault XP
 B = Vault XP
 C = Vault XP percentage of total XP
 D = Non-vault monster count
 E = Vault monster count
 F = Vault count percentage of total count
                 A         B        C        D         E       F
            +---------+---------+-------+---------+---------+-------
      Total |     365 |     179 |  32.9 |      51 |      16 |  23.9
            +---------+---------+-------+---------+---------+-------
        D:1 |      14 |       0 |   0.0 |       9 |       0 |   0.0
        D:2 |     148 |     135 |  47.7 |      20 |      11 |  35.5
        D:3 |     102 |      41 |  28.7 |      11 |       4 |  26.7
        D:4 |     101 |       3 |   2.9 |      11 |       1 |   8.3
            +---------+---------+-------+---------+---------+-------

Illustrated notes

Table legend:
 A = Kills in this place as a percentage of kills in entire the game.
 B = Kills by you in this place as a percentage of kills by you in the entire game.
 C = Kills by friends in this place as a percentage of kills by friends in the entire game.
 D = Other kills in this place as a percentage of other kills in the entire game.
 E = Experience gained in this place as a percentage of experience gained in the entire game.
 F = Experience gained in this place divided by the number of levels of this place that you have seen.
                   A       B       C       D       E      F
               +-------+-------+-------+-------+-------+----------------------
         Total | 100.0 | 100.0 |   N/A |   N/A | 100.0 | 136.0
       Dungeon | 100.0 | 100.0 |   N/A |   N/A | 100.0 | 136.0
               +-------+-------+-------+-------+-------+----------------------

Table legend: (Time is in decaauts)
 A = Elapsed time spent in this place.
 B = Non-inter-level travel time spent in this place.
 C = Inter-level travel time spent in this place.
 D = Time resting spent in this place.
 E = Time spent auto-exploring this place.
 F = Levels seen in this place.
 G = Mean time per level.
                   A        B        C        D        E       F      G
               +--------+--------+--------+--------+--------+-----+--------+
         Total |   3281 |   3185 |     96 |      1 |   2712 |   4 |  820.2 |
       Dungeon |   3281 |   3185 |     96 |      1 |   2712 |   4 |  820.2 |
               +--------+--------+--------+--------+--------+-----+--------+

Top non-repeatable levels by time:
     D:2: 1161 daAuts
     D:3: 1048 daAuts
     D:1: 954 daAuts
     D:4: 117 daAuts
